 Dungeon Crawl Stone Soup version 0.22.1-1-ga44c0e5 (webtiles) character file.

383 Fang the Chopper (level 6, -2/39 HPs)
             Began as a Gargoyle Berserker on Sept 27, 2018.
             Was a Believer of Trog.
             Slain by an adder (3 damage)
             ... on level 3 of the Dungeon.
             The game lasted 00:03:06 (3423 turns).

Fang the Chopper (Gargoyle Berserker)               Turns: 3423, Time: 00:03:07

Health: -2/39      AC:  6    Str: 26    XL:     6   Next: 76%
Magic:  6/6        EV: 12    Int:  7    God:    Trog [**....]
Gold:   207        SH:  0    Dex:  9    Spells: 5/5 levels left

rFire    . . .     SeeInvis .   a - +0 hand axe
rCold    . . .     Gourm    .   (no shield)
rNeg     + . .     Faith    .   b - +0 animal skin
rPois    ∞         Spirit   .   (no helmet)
rElec    +         Reflect  .   (no cloak)
rCorr    .         Harm     .   (no gloves)
MR       .....                  (no boots)
Stlth    ++........             (no amulet)
HPRegen  0.13/turn              j - +3 ring of strength
MPRegen  0.10/turn              l - -3 ring of slaying

@: berserk cooldown, starving, slowed, very slow
A: negative energy resistance 1, electricity resistance, unbreathing,
petrification resistance, rot immunity, AC +4
a: Berserk, Trog's Hand, Renounce Religion


You were on level 3 of the Dungeon.
You worshipped Trog.
Trog was pleased with you.
You were starving.

You visited 1 branch of the dungeon, and saw 4 of its levels.

You collected 207 gold pieces.

Inventory:

Hand Weapons
 a - a +0 hand axe (weapon)
Armour
 b - a +0 animal skin (worn)
Jewellery
 j - a +3 ring of strength (left hand)
 l - a -3 ring of slaying (right hand)
Wands
 p - a wand of digging (9)
Scrolls
 d - 3 scrolls of teleportation
 f - 3 scrolls of remove curse
 g - a scroll of enchant weapon {unknown}
 i - a scroll of random uselessness {unknown}
 k - 2 scrolls of identify {unknown}
 m - a scroll of fear {unknown}
 n - a scroll of amnesia {unknown}
Potions
 e - a potion of degeneration {unknown}
 h - a potion of brilliance {unknown}
Comestibles
 c - 5 rations


   Skills:
 + Level 4.7 Fighting
 + Level 5.0 Axes
 + Level 2.3 Armour
 + Level 3.0 Dodging
 + Level 1.7 Stealth


You had 5 spell levels left.
You didn't know any spells.
Your spell library was empty.

Dungeon Overview and Level Annotations

Branches:
Dungeon (4/15)
 Temple: D:4-7

Altars:
Xom


Innate Abilities, Weirdness & Mutations

You are resistant to torment.
Your stone body is resilient. (AC +4)
You are immune to poison.
You resist negative energy. (rN+)
You are resistant to electric shocks. (rElec)
You can survive without breathing.
You are immune to petrification.
You are immune to rotting.


Message History

The adder bites you but does no damage. The adder bites you.
* * * LOW HITPOINT WARNING * * *
You closely miss the adder.
The adder is heavily wounded.
The adder bites you but does no damage. The adder misses you.
You barely miss the adder.
The adder is heavily wounded.
The adder misses you. The adder bites you but does no damage.
You closely miss the adder.
The adder is heavily wounded.
The adder closely misses you. The adder misses you.
You hit the adder but do no damage.
The adder is heavily wounded.
The adder bites you but does no damage. The adder bites you.
* * * LOW HITPOINT WARNING * * *
The adder closely misses you.
You miss the adder.
The adder is heavily wounded.
The adder bites you.
You die...

#.# ############.#######
#..................#
#.###########......#####
#.# #..'......'...# #.#
#.##......###.# #.#
#)##......# #.# #.#
#.##......# #.# #.#
#@###########.# #.# #S#
#......# #.########.#
#.###### #......†...#
#.# ############ #.#
#.........# #.#
#.#######.######.#
####.#...# #........#
#......#.###..#######


You could see an adder.

Vanquished Creatures
  A bullfrog (D:3)
  2 hounds
  An orc priest (D:3)
  2 orc wizards
  A hound skeleton (D:4)
  3 gnolls (D:2)
  5 adders
  A howler monkey skeleton (D:4)
  2 worms
  2 dart slugs
  5 leopard geckos
  9 orcs
  8 goblins
  7 hobgoblins
  6 jackals
  2 quokkas
  4 bats
  3 frilled lizards
  5 kobolds
  4 rats
73 creatures vanquished.

Notes
Turn   | Place    | Note
-------+----------+-------------------------------------------
     0 | D:1      | Fang the Gargoyle Berserker began the quest for the Orb.
     0 | D:1      | Reached XP level 1. HP: 14/14 MP: 1/1
   180 | D:1      | Reached XP level 2. HP: 19/19 MP: 2/2
   181 | D:1      | Reached skill level 3 in Axes
   763 | D:2      | Reached XP level 3. HP: 22/24 MP: 3/3
   791 | D:2      | Reached XP level 4. HP: 7/29 MP: 4/4
  1273 | D:2      | Reached ** piety under Trog
  1519 | D:2      | Reached skill level 4 in Axes
  1519 | D:2      | Reached XP level 5. HP: 19/33 MP: 5/5
  1619 | D:2      | Found a shimmering altar of Xom.
  2126 | D:3      | Reached skill level 1 in Stealth
  2491 | D:3      | Reached XP level 6. HP: 36/39 MP: 6/6
  3408 | D:3      | Reached skill level 5 in Axes
  3418 | D:3      | HP: 1/39 [adder (1)]
  3423 | D:3      | Slain by an adder

Skill      XL: |  1  2  3  4  5  6 |
---------------+-------------------+-----
Axes           | 3 4 5 |  5.0
Dodging        | 2 3 |  3.0
Fighting       | 4 |  4.7
Stealth        | 1 |  1.7
Armour         | |  2.3

Action                   |  1- 3 |  4- 6 || total
-------------------------+-------+-------++-------
Melee: Hand axe          |    69 |   230 ||   299
Invok: Berserk           |     1 |     2 ||     3
  Use: Scroll            |       |     2 ||     2
  Eat: Chunk             |     1 |     8 ||     9
Armor: Animal skin       |    34 |    77 ||   111
Dodge: Dodged            |    61 |   165 ||   226
